 Dungeon Crawl Stone Soup version 0.25.1-11-g244df3a29b (webtiles) character file.

Game seed: 14243404048044220331

512711 oldriver the Acrobat (level 26, -16/198 (199) HPs)
             Began as a Halfling Assassin on Jan 2, 2023.
             Was the Champion of Nemelex Xobeh.
             Killed from afar by Margery (51 damage)
             ... with a bolt of fire
             ... on level 5 of the Depths on Jan 3, 2023.
             The game lasted 03:45:21 (90151 turns).

oldriver the Acrobat (Halfling Assassin)           Turns: 90151, Time: 03:45:22

HP:   -16/198 (199) AC: 28    Str: 14    XL:     26   Next: 91%
MP:   31/31         EV: 34    Int: 10    God:    Nemelex Xobeh [******]
Gold: 3868          SH: 14    Dex: 26    Spells: 25/25 levels left

rFire    . . .     SeeInvis +   b - +9 hunting sling (flame)
rCold    + + .     Gourm    .   J - +1 buckler {rC+}
rNeg     + + .     Faith    .   K - +0 swamp dragon scales
rPois    +         Spirit   .   P - +2 helmet {SInv}
rElec    +         Reflect  +   x - +2 cloak {MR+}
rCorr    .         Harm     .   S - +2 pair of gloves
MR       ++++.                  w - +2 pair of boots {Fly}
Stlth    ++++++....             n - amulet of reflection
HPRegen  0.43/turn              R - ring "Fooc" {+Fly rElec rC+ rN++ Int-2}
MPRegen  0.22/turn              O - ring of the Mage {Wiz MR++ Int+3}

@: very slightly contaminated
A: small, mutation resistance 1
}: 2/15 runes: decaying, gossamer
a: Draw Escape, Draw Destruction, Draw Summoning, Triple Draw, Deal Four, Stack
Five, Renounce Religion, Evoke Flight


You were on level 5 of the Depths.
You worshipped Nemelex Xobeh.
Nemelex Xobeh was exalted by your worship.
You were not hungry.

You visited 9 branches of the dungeon, and saw 44 of its levels.
You visited the Abyss 1 time.
You visited 1 bazaar.
You also visited: Trove and Bailey.

You collected 7513 gold pieces.
You spent 3645 gold pieces at shops.

Inventory:

Hand Weapons
 a - a +11 quick blade of draining
 b - a +9 hunting sling of flaming (weapon)
Missiles
 h - 20 poisoned darts
 i - 23 curare-tipped darts
 p - 26 atropa-tipped darts
 A - 1029 stones (quivered)
 G - 83 sling bullets
Armour
 w - a +2 pair of boots of flying (worn)
 x - a +2 cloak of magic resistance (worn)
 J - a +1 buckler of cold resistance (worn)
 K - +0 swamp dragon scales (worn)
 P - a +2 helmet of see invisible (worn)
 S - a +2 pair of gloves (worn)
Jewellery
 n - an amulet of reflection (around neck)
 q - an uncursed ring of resist corrosion
 O - the ring of the Mage (right hand) {Wiz MR++ Int+3}
   (You found it on level 6 of the Lair of Beasts)

   [ring of wizardry]

   It improves your spell success rate.
   It affects your intelligence (+3).
   It affects your resistance to hostile enchantments.
 Q - an uncursed ring of protection from fire
 R - the ring "Fooc" (left hand) {+Fly rElec rC+ rN++ Int-2}
   (You found it on level 2 of the Swamp)

   [ring of flight]

   It affects your intelligence (-2).
   It protects you from cold.
   It insulates you from electricity.
   It greatly protects you from negative energy.
   It lets you fly.
 T - an uncursed ring of see invisible
Wands
 c - a wand of iceblast (54)
 l - a wand of acid (34)
 m - a wand of paralysis (37)
 y - a wand of digging (8)
 F - a wand of disintegration (12)
 N - a wand of clouds (8)
Scrolls
 k - 2 scrolls of remove curse
 o - 4 scrolls of magic mapping
 s - 20 scrolls of teleportation
 t - 3 scrolls of summoning
 u - 14 scrolls of blinking
 C - a scroll of identify
 D - 16 scrolls of fog
 I - 3 scrolls of amnesia
 W - 2 scrolls of holy word
 Y - 2 scrolls of fear
Potions
 d - 5 potions of mutation
 g - 2 potions of cancellation
 j - 5 potions of haste
 r - 6 potions of heal wounds
 v - 6 potions of might
 z - 19 potions of curing
 B - 4 potions of stabbing
 H - a potion of berserk rage
 M - a potion of resistance
 Z - a potion of invisibility
Miscellaneous
 e - 5 phantom mirrors
 E - a tin of tremorstones (3/3)
 U - 3 boxes of beasts
 V - a lightning rod (4/4)
Comestibles
 f - 68 rations


   Skills:
 - Level 21.0 Fighting
 - Level 14.0 Short Blades
 - Level 11.8(12.0) Slings
 - Level 2.0(5.7) Throwing
 + Level 19.1 Armour
 + Level 22.0 Dodging
 - Level 15.0 Stealth
 - Level 5.6 Shields
 - Level 11.0 Invocations
 - Level 11.0 Evocations


You had 25 spell levels left.
You didn't know any spells.
Your spell library contained the following spells:

 Spells                   Type           Power        Failure   Level  Hunger
 Animate Skeleton         Necr           N/A          22%         1    ##.....
 Apportation              Tloc           #.....       22%         1    ##.....
 Corona                   Hex            #......      22%         1    ##.....
 Foxfire                  Conj/Fire      #...         22%         1    ##.....
 Freeze                   Ice            #...         22%         1    ##.....
 Infusion                 Chrm           #...         22%         1    ##.....
 Magic Dart               Conj           #...         22%         1    ##.....
 Pain                     Necr           #...         22%         1    ##.....
 Shock                    Conj/Air       #...         22%         1    ##.....
 Sting                    Tmut/Pois      #...         22%         1    ##.....
 Summon Butterflies       Summ           #.......     22%         1    ##.....
 Summon Small Mammal      Summ           #...         22%         1    ##.....
 Blink                    Tloc           N/A          32%         2    ###....
 Call Imp                 Summ           #.......     32%         2    ###....
 Corpse Rot               Necr/Air       N/A          32%         2    ###....
 Ensorcelled Hibernation  Hex/Ice        #.....       32%         2    ###....
 Poisonous Vapours        Pois/Air       #.....       32%         2    ###....
 Shroud of Golubria       Chrm/Tloc      #.....       32%         2    ###....
 Slow                     Hex            #.......     32%         2    ###....
 Song of Slaying          Chrm           #.......     32%         2    ###....
 Swiftness                Chrm/Air       #.......     32%         2    ###....
 Call Canine Familiar     Summ           #.......     52%         3    ####...
 Confusing Touch          Hex            #.......     52%         3    ####...
 Conjure Flame            Conj/Fire      #.......     52%         3    ####...
 Dazzling Flash           Conj/Hex       #.....       52%         3    ####...
 Frozen Ramparts          Ice            #.....       52%         3    ####...
 Gell's Gravitas          Tloc           #.........   52%         3    ####...
 Ignite Poison            Fire/Tmut/Pois #.......     52%         3    ####...
 Inner Flame              Hex/Fire       #.......     52%         3    ####...
 Mephitic Cloud           Conj/Pois/Air  #.......     52%         3    ####...
 Ozocubu's Armour         Chrm/Ice       #.......     52%         3    ####...
 Spectral Weapon          Hex/Chrm       #.......     52%         3    ####...
 Static Discharge         Conj/Air       #.......     52%         3    ####...
 Tukima's Dance           Hex            #.......     52%         3    ####...
 Vampiric Draining        Necr           #.........   52%         3    ####...
 Airstrike                Air            #.........   89%         4    #####..
 Animate Dead             Necr           N/A          89%         4    #####..
 Dispel Undead            Necr           #.......     89%         4    #####..
 Hailstorm                Conj/Ice       #.......     89%         4    #####..
 Olgreb's Toxic Radiance  Pois           #.......     89%         4    #####..
 Petrify                  Tmut/Erth      #.......     89%         4    #####..
 Sticky Flame             Conj/Fire      #.......     89%         4    #####..
 Summon Ice Beast         Ice/Summ       #.......     89%         4    #####..
 Agony                    Necr           #.......     99%         5    ######.
 Aura of Abjuration       Summ           #.........   99%         5    ######.
 Bolt of Magma            Conj/Fire/Erth #.........   99%         5    ######.
 Borgnjor's Vile Clutch   Necr/Erth      #.........   99%         5    ######.
 Excruciating Wounds      Chrm/Necr      #.........   99%         5    ######.
 Fireball                 Conj/Fire      #.........   99%         5    ######.
 Irradiate                Conj/Tmut      #.........   99%         5    ######.
 Iskenderun's Battlesphe  Conj/Chrm      #.......     99%         5    ######.
 Lightning Bolt           Conj/Air       #.........   99%         5    ######.
 Metabolic Englaciation   Hex/Ice        #.........   99%         5    ######.
 Summon Mana Viper        Hex/Summ       #.......     99%         5    ######.
 Yara's Violent Unravell  Hex/Tmut       #.........   99%         5    ######.
 Iron Shot                Conj/Erth      #.........   100%        6    #######
 Haunt                    Necr/Summ      #.........   100%        7    #######
 Malign Gateway           Summ/Tloc      #.........   100%        7    #######
 Orb of Destruction       Conj           #.........   100%        7    #######
 Spellforged Servitor     Conj/Summ      #.........   100%        7    #######
 Summon Hydra             Summ           #.........   100%        7    #######
 Borgnjor's Revivificati  Necr           #.........   100%        8    #######
 Death's Door             Chrm/Necr      #.........   100%        8    #######
 Ignition                 Fire           #.........   100%        8    #######
 Infestation              Necr           #.........   100%        8    #######
 Necromutation            Tmut/Necr      #.........   100%        8    #######
 Shatter                  Erth           #.........   100%        9    #######
 Tornado                  Air            #.........   100%        9    #######


Dungeon Overview and Level Annotations

Branches:
Dungeon (15/15)            Temple (1/1) D:4            Lair (6/6) D:8
  Swamp (4/4) Lair:2       Spider (4/4) Lair:2        Slime (0/5) Lair:6
    Orc (2/2) D:11            Elf (3/3) Orc:2        Vaults (4/5) D:13
  Crypt (0/3) Vaults:2     Depths (5/5) D:15         Bailey (visited)
    Zot: Depths:5

Altars:
Ashenzari
Cheibriados
Dithmenos
Elyvilon
Fedhas
Gozag
Hepliaklqana
Kikubaaqudgha
Makhleb
Nemelex Xobeh
Okawaru
Qazlal
Ru
Sif Muna
Trog
Uskayaw
Vehumet
Wu Jian
Xom
Yredelemnul
Zin
The Shining One
Beogh
Jiyva
Lugonu

Shops:
D:9 *   D:12 !   D:14 [   D:15 %   Orc:2 *(:[   Vaults:3 !   Vaults:4 (
Depths:1 *   Depths:4 }=}

Portals:
Hell: Depths:1 Depths:2 Depths:3 Depths:4 Depths:5
Abyss: Depths:2 Depths:4
Pandemonium: Depths:3
Ziggurat: Depths:1

Annotations:
D:4 1 runed translucent door, Crazy Yiuf
D:13 3 runed translucent doors, kulwych's ghost, journeyman HuFi
D:15 Roxanne
Orc:1 1 runed translucent door, Segg's ghost, adept GnSk
Elf:2 3 runed translucent doors
Depths:4 8 runed translucent doors
Depths:5 Margery


Innate Abilities, Weirdness & Mutations

You are small and have problems with some larger weapons.
You are somewhat resistant to further mutation.


Message History

You reflect the large rock off an invisible shield around you!
The large rock hits the stone giant!
Margery points at you and mumbles some strange words.
The bolt of fire hits you!!!
* * * LOW HITPOINT WARNING * * *
The necromancer shouts!
Margery points at you and mumbles some strange words.
The bolt of fire hits you!
* * * LOW HITPOINT WARNING * * *
The necromancer casts a spell.
The necromancer binds the souls of nearby monsters.
Blink to where?
Press: ? - help, Dir - move target cursor, p - golden dragon You are very lightly contaminated with residual magic.
As you read the scroll of blinking, it crumbles to dust.
Margery points at you and mumbles some strange words.
The bolt of fire hits the hell knight.
The hell knight completely resists.
The bolt of fire hits you!!!
You die...
Your body glows with a rainbow of weird colours and disappears.

#..................#
.[..##...####..#.###
..................##
#...##........p......
#...##.#.###...#.####
#...##.#.###@.pp..#
#...#.........p#..##
...................#####
#.#.#....(...(..@......#
.........°....§....#####
#.#.#.##.#............#
...((....°D....<.#.##.#
..#.#.##.#.#.....#.# #
.##.#.##.#.#..#C.#.#
.........#.........#
.##..........(##.#.#
.......$......( .....


You could see Margery (soul bound), a golden dragon (soul bound), a stone giant,
2 hell knights and a necromancer.

Vanquished Creatures
  A juggernaut (Depths:3)
  Sojobo (Depths:5)
  3 golden dragons
  3 tentacled monstrosities
  3 deep elf blademasters
  2 deep elf master archers (Elf:3)
  Asterion (Elf:3)
  2 titans
  Gastronok (D:8)
  4 sphinxes
  Frances (D:13)
  A tentacled starspawn (Abyss:3)
  2 storm dragons
  A thorn hunter (Swamp:3)
  Donald (Spider:2)
  A draconian monk (Depths:5)
  7 tengu reavers
  5 ghost moths
  5 deep elf sorcerers
  12 fire giants
  3 frost giants
  10 vault wardens
  Aizul (Spider:2)
  An orc warlord (Orc:2)
  An angel (Depths:1)
  A draconian scorcher (Depths:5)
  A spriggan defender (Depths:2)
  2 emperor scorpions (Spider:4)
  7 deep elf elementalists
  13 ironheart preservers
  10 very ugly things
  13 stone giants
  4 vampire knights
  4 entropy weavers
  8 deep elf annihilators
  2 red draconians (Depths:5)
  8 spark wasps
  8 deep elf demonologists
  A merfolk javelineer (Depths:4)
  2 green deaths (Swamp:4)
  Josephine (D:12)
  8 ettins
  7 deep elf death magi
  A merfolk impaler (Depths:4)
  9 yaktaur captains
  7 fire dragons
  2 jiangshi (Depths:2)
  Fannar (Lair:1)
  4 deep elf high priests
  15 great orbs of eyes
  Erolcha (D:13)
  9 ice dragons
  3 rakshasas
  4 spriggan air magi
  15 vault guards
  17 hydras
  55 two-headed ogres
  2 ghost crabs
  7 centaur warriors
  19 ogre magi
  3 death knights
  12 dancing weapons
  A tengu warrior (Depths:3)
  10 deep troll shamans
  11 alligators
  An orc high priest (Orc:2)
  3 deep troll earth magi
  Urug (D:13)
  6 spriggan berserkers
  A vampire mage (Depths:2)
  6 thrashing horrors (Abyss:3)
  Sonja (Lair:1)
  A shock serpent (shapeshifter) (D:15)
  25 deep elf knights
  3 hell knights (Depths:4)
  A fire crab (Orc:2)
  A death drake (Depths:5)
  2 shadow wraiths (Vaults:3)
  2 flayed ghosts
  6 wizards
  11 deep trolls
  A spatial maelstrom (Abyss:3)
  2 iron trolls
  10 swamp dragons
  3 unseen horrors
  3 glowing orange brains
  A tengu zombie (Vaults:4)
  13 ironbrand convokers
  4 harpies (Vaults:2)
  2 spriggan druids
  11 orc knights
  4 necromancers
  16 orb spiders
  21 deep elf archers
  2 phantasmal warriors (Vaults:2)
  An anaconda skeleton (Abyss:3)
  An orc sorcerer (Orc:2)
  A cyclops (shapeshifter) (Vaults:1)
  11 cyclopes
  A stone giant zombie (Vaults:1)
  58 ugly things
  41 wolf spiders
  A moth of wrath (Swamp:4)
  A worldbinder (Abyss:3)
  70 deep elf magi
  A sphinx skeleton (Vaults:1)
  4 manticores
  3 black mambas (shapeshifter)
  5 black mambas
  13 elephants
  2 salamanders (Depths:5)
  Maurice (D:11)
  18 vault sentinels
  A human skeleton (Vaults:4)
  An apocalypse crab (Abyss:3)
  A rust devil (Depths:4)
  An orange demon (Swamp:4)
  18 spiny frogs
  3 torpor snails
  2 smoke demons (Abyss:3)
  3 gargoyles
  A hellion (Depths:5)
  5 spectral swamp worms
  An efreet (D:14)
  A kobold demonologist (D:12)
  19 komodo dragons
  5 rime drakes (Lair:6)
  3 freezing wraiths
  24 yaktaurs
  5 hellwings
  An elf (Vaults:2)
  17 demonic crawlers
  An ice devil (Abyss:3)
  A komodo dragon (shapeshifter) (D:14)
  A yaktaur (shapeshifter) (Vaults:3)
  4 red devils (Depths:5)
  11 tyrant leeches
  A troll (shapeshifter) (Vaults:4)
  4 tengu conjurers
  23 hornets
  6 trolls
  38 jumping spiders
  Prince Ribbit (D:5)
  4 polar bears
  2 merfolk
  4 wind drakes
  14 blink frogs
  76 slime creatures
  A snapping turtle (shapeshifter) (Depths:2)
  7 hippogriffs
  5 dream sheep
  16 bog bodies
  3 raiju (Abyss:3)
  A redback (shapeshifter) (Depths:3)
  A spriggan (shapeshifter) (Depths:3)
  12 spriggans
  88 redbacks
  2 ynoxinuls (Abyss:3)
  Sigmund (D:4)
  5 shadows
  8 air elementals
  7 wraiths
  A centaur simulacrum (D:15)
  3 wyverns
  2 large abominations
  26 yaks
  28 tarantellas
  6 water elementals
  2 fire elementals
  3 humans
  6 hungry ghosts
  5 basilisks
  A human (shapeshifter) (Elf:3)
  11 vampire mosquitoes
  2 chaos spawn (Abyss:3)
  14 swamp worms
  7 wargs
  14 insubstantial wisps (Swamp:2)
  20 water moccasins
  Duvessa (D:4)
  A soldier ant (D:11)
  An acid dragon (Vaults:1)
  5 porcupines
  3 hell hounds (Depths:5)
  44 orc warriors
  An elf zombie (Vaults:4)
  An eye of draining (D:8)
  5 phantoms
  13 ice beasts
  9 swamp drakes
  4 black bears
  2 slaves
  45 ogres
  3 sky beasts
  18 centaurs
  11 boggarts
  7 wolves
  A tengu (D:8)
  12 crocodiles
  2 big kobolds
  A big kobold (shapeshifter) (Depths:2)
  Blork the orc (D:4)
  2 small abominations (Abyss:3)
  18 bullfrogs
  2 gnoll sergeants
  Dowan (D:4)
  5 earth elementals
  A wyvern zombie (D:15)
  A water moccasin zombie (D:11)
  6 scorpions
  An elf simulacrum (Vaults:4)
  3 killer bees (D:12)
  A troll skeleton (D:12)
  4 electric eels
  5 wights (D:10)
  4 spriggan skeletons (D:12)
  2 centaur zombies
  5 howler monkeys
  13 crimson imps
  A quasit (D:6)
  A bullfrog zombie (D:12)
  8 jellies
  A human simulacrum (Vaults:1)
  5 bullfrog skeletons
  8 hounds
  A yaktaur simulacrum (Vaults:1)
  8 centaur skeletons
  16 orc priests
  32 orc wizards
  3 iron imps (Abyss:3)
  Ijyb (D:4)
  5 iguanas
  12 worker ants
  A killer bee zombie (D:5)
  2 hound skeletons
  A hound zombie (D:9)
  A worker ant zombie (D:7)
  13 adders
  7 gnolls
  2 shadow imps
  A white imp (Spider:4)
  2 oozes
  2 adder zombies
  An adder skeleton (D:10)
  2 worms
  4 dart slugs
  4 leopard geckos
  144 orcs
  A ball python (D:9)
  8 bats
  5 giant cockroaches
  9 goblins
  8 hobgoblins
  15 jackals
  5 quokkas
  6 frilled lizards
  13 kobolds
  A quokka skeleton (D:5)
  A quokka zombie (D:8)
  7 rats
  2 crawling corpses (Vaults:2)
  2 fungi (Lair:6)
  3 plants
2029 creatures vanquished.

Vanquished Creatures (collateral kills)
  A hydra (Lair:6)
  A merfolk avatar (Lair:6)
  A hippogriff (Lair:1)
  4 orc warriors
  A bullfrog (Lair:1)
  2 orc wizards (Orc:2)
  A hound (D:14)
  A worker ant (D:14)
  2 orcs (Orc:2)
14 creatures vanquished.

Vanquished Creatures (others)
  A deep elf sorcerer (Elf:3)
  A deep elf archer (Elf:1)
  A deep elf mage (Elf:1)
  An ogre (D:15)
  A boggart (D:15)
  A centaur skeleton (D:12)
  A worker ant (D:6)
  A quokka (D:6)
  A kobold (D:9)
  A bush (Lair:6)
  21 fungi
  14 plants
  4 starspawn tentacles (Abyss:3)
49 creatures vanquished.

Grand Total: 2092 creatures vanquished

Notes
Turn   | Place    | Note
-------+----------+-------------------------------------------
     0 | D:1      | oldriver the Halfling Assassin began the quest for the Orb.
     0 | D:1      | Reached XP level 1. HP: 14/14 MP: 1/1
   111 | D:1      | Reached XP level 2. HP: 16/19 MP: 2/2
   568 | D:1      | Reached XP level 3. HP: 20/24 MP: 3/3
  1361 | D:2      | Reached XP level 4. HP: 29/29 MP: 4/4
  1379 | D:1      | Reached skill level 2 in Dodging
  1379 | D:1      | Reached skill level 5 in Stealth
  1613 | D:2      | Found a bloodstained altar of Trog.
  2794 | D:3      | Reached XP level 5. HP: 34/34 MP: 5/5
  2934 | D:3      | Found a hazy altar of Hepliaklqana.
  3420 | D:3      | Found a shattered altar of Ashenzari.
  3756 | D:4      | Reached skill level 1 in Armour
  3756 | D:4      | Reached XP level 6. HP: 22/39 MP: 6/6
  4206 | D:4      | Noticed Sigmund
  4221 | D:4      | Killed Sigmund
  4221 | D:4      | Reached skill level 5 in Short Blades
  4221 | D:4      | Reached XP level 7. HP: 43/45 MP: 7/7
  4491 | D:4      | Noticed Blork the orc
  4506 | D:4      | Killed Blork the orc
  4749 | D:4      | Noticed Duvessa
  4980 | D:4      | Noticed Ijyb
  4988 | D:4      | Killed Ijyb
  5088 | D:4      | Noticed Dowan
  5091 | D:4      | Killed Duvessa
  5091 | D:4      | Reached XP level 8. HP: 51/51 MP: 8/8
  5097 | D:4      | Killed Dowan
  5097 | D:4      | Reached skill level 3 in Dodging
  5247 | D:4      | Found a staircase to the Ecumenical Temple.
  5263 | Temple   | Entered the Ecumenical Temple
  5602 | Temple   | Became a worshipper of Nemelex Xobeh the Trickster
  5879 | D:4      | Received a gift from Nemelex Xobeh
  5999 | D:4      | Found a runed translucent door.
  6000 | D:4      | Noticed Crazy Yiuf
  6150 | D:5      | Entered Level 5 of the Dungeon
  6176 | D:5      | Reached skill level 1 in Slings
  6789 | D:5      | Noticed Prince Ribbit
  6796 | D:5      | Killed Prince Ribbit
  6796 | D:5      | Reached skill level 4 in Dodging
  6796 | D:5      | Reached XP level 9. HP: 58/58 MP: 9/9
  6826 | D:5      | Found an opulent altar of Gozag.
  6991 | D:5      | Reached skill level 5 in Slings
  7071 | D:5      | Found a white marble altar of Elyvilon.
  7080 | D:5      | Found a bloodstained altar of Trog.
  7806 | D:6      | Reached * piety under Nemelex Xobeh
  7975 | D:6      | Received a gift from Nemelex Xobeh
  8057 | D:6      | Found a shimmering altar of Xom.
  8212 | D:6      | Reached skill level 5 in Dodging
  8897 | D:6      | Found a hide-covered altar of Uskayaw.
  9480 | D:7      | Found a flagged portal.
  9498 | D:7      | Reached XP level 10. HP: 65/65 MP: 10/10
  9603 | Bailey   | Entered a bailey
  9657 | Bailey   | Reached skill level 1 in Shields
  9866 | Bailey   | Reached skill level 5 in Fighting
 10225 | Bailey   | Noticed an orc knight
 10227 | Bailey   | Noticed an orc knight
 10235 | Bailey   | Noticed an orc knight
 10238 | Bailey   | Noticed an orc knight
 10258 | Bailey   | Noticed an orc knight
 11244 | D:8      | Noticed Pikel
 11482 | D:8      | Received a gift from Nemelex Xobeh
 11509 | D:8      | Reached ** piety under Nemelex Xobeh
 11774 | D:8      | Reached skill level 10 in Slings
 12006 | D:8      | Found a staircase to the Lair.
 12040 | D:8      | Noticed Gastronok
 12063 | Lair:1   | Entered Level 1 of the Lair of Beasts
 12092 | Lair:1   | Noticed a black mamba
 12096 | Lair:1   | Killed a black mamba
 12117 | Lair:1   | Noticed Fannar
 12117 | Lair:1   | Noticed a komodo dragon
 12180 | Lair:1   | Noticed a spiny frog
 12395 | D:8      | Killed Gastronok
 12395 | D:8      | Reached skill level 10 in Short Blades
 12395 | D:8      | Reached skill level 5 in Shields
 12395 | D:8      | Reached XP level 11. HP: 47/72 MP: 11/11
 12641 | D:8      | Noticed Harold
 12827 | D:8      | Received a gift from Nemelex Xobeh
 12882 | D:8      | Noticed Harold
 12882 | D:8      | Harold changed into Harold the wind drake
 12891 | D:8      | Killed Harold the wind drake
 12895 | D:8      | Noticed Pikel
 12895 | D:8      | Pikel changed into Pikel the tengu
 12902 | D:8      | Killed Pikel the tengu
 13220 | D:9      | Reached *** piety under Nemelex Xobeh
 13220 | D:9      | Received a gift from Nemelex Xobeh
 13411 | D:9      | Found an iron altar of Okawaru.
 13459 | D:9      | Reached skill level 10 in Stealth
 13649 | D:9      | Found Mocwuh's Serpentskin Sales.
 13904 | Lair:1   | Killed Fannar
 14205 | Lair:1   | Reached skill level 6 in Dodging
 14614 | Lair:1   | Reached XP level 12. HP: 23/80 MP: 12/12
 14874 | Lair:1   | Reached skill level 8 in Dodging
 14874 | Lair:1   | Reached XP level 13. HP: 85/85 MP: 13/13
 14901 | Lair:1   | Received a gift from Nemelex Xobeh
 14912 | Lair:1   | Noticed Sonja
 14919 | Lair:1   | Killed Sonja
 15374 | Lair:1   | Reached skill level 9 in Dodging
 15972 | Lair:2   | Noticed an eight-headed hydra
 15990 | Lair:2   | Killed an eight-headed hydra
 16075 | Lair:2   | Found a hole to the Spider Nest.
 16159 | Lair:2   | Received a gift from Nemelex Xobeh
 16687 | Lair:2   | Found a staircase to the Swamp.
 16817 | Lair:2   | Reached skill level 10 in Dodging
 16911 | Lair:2   | Reached **** piety under Nemelex Xobeh
 17302 | Lair:3   | Noticed a seven-headed hydra
 17308 | Lair:3   | Killed a seven-headed hydra
 17448 | Lair:3   | Received a gift from Nemelex Xobeh
 18612 | Lair:3   | Received a gift from Nemelex Xobeh
 19362 | Lair:4   | Reached ***** piety under Nemelex Xobeh
 19375 | Lair:4   | Got a fading rapier
 19886 | Lair:4   | Received a gift from Nemelex Xobeh
 19915 | Lair:3   | Identified the cursed +2 rapier of Poverty {venom, Str+3
                  | Int+2 Dex+4} (You found it on level 4 of the Lair of
                  | Beasts)
 20093 | Lair:4   | Noticed a four-headed hydra
 20100 | Lair:4   | Killed a four-headed hydra
 20473 | Lair:5   | Received a gift from Nemelex Xobeh
 20620 | D:10     | Entered Level 10 of the Dungeon
 20858 | D:10     | Reached XP level 14. HP: 97/97 MP: 14/14
 21052 | D:10     | Found a glowing golden altar of the Shining One.
 21282 | D:10     | Reached skill level 1 in Invocations
 21282 | D:10     | Reached skill level 1 in Evocations
 21743 | Lair:5   | Received a gift from Nemelex Xobeh
 22244 | Lair:5   | Received a gift from Nemelex Xobeh
 22413 | Lair:6   | Entered Level 6 of the Lair of Beasts
 22438 | Lair:6   | Reached skill level 11 in Dodging
 22782 | Lair:6   | Reached skill level 10 in Fighting
 22929 | Lair:6   | Found a staircase to the Slime Pits.
 22929 | Lair:6   | Found a viscous altar of Jiyva.
 24011 | Lair:6   | Received a gift from Nemelex Xobeh
 24696 | Lair:6   | Found the ring of the Mage {Wiz MR++ Int+3}
 25145 | Lair:6   | Received a gift from Nemelex Xobeh
 25991 | D:11     | Reached XP level 15. HP: 102/105 MP: 18/18
 26124 | D:11     | Received a gift from Nemelex Xobeh
 26178 | D:11     | Found a flickering gateway to a bazaar.
 26198 | Bazaar   | Entered a bazaar
 26202 | Bazaar   | Found Biddij's Antique Armour Shoppe.
 26210 | Bazaar   | Bought a heavily runed leather armour for 161 gold pieces
 26210 | Bazaar   | Found Petiloq's Gadget Shoppe.
 26221 | Bazaar   | Found Uxith's Magic Scroll Boutique.
 26232 | Bazaar   | Found Umeparr's Antique Weapon Emporium.
 26240 | Bazaar   | Found Oneoco's General Store.
 26242 | Bazaar   | Bought a pitted rapier for 171 gold pieces
 26265 | Bazaar   | Identified the +1 leather armour "Eblow" {MP+9 Dex+6} (You
                  | bought it in a shop in a bazaar)
 26275 | Bazaar   | Identified the +8 rapier of Ragnarok {drain, rPois rC-
                  | Str+2 Int+2} (You bought it in a shop in a bazaar)
 26308 | Bazaar   | Bought a scroll of enchant weapon for 97 gold pieces
 26308 | Bazaar   | Bought a scroll of blinking for 97 gold pieces
 26478 | D:11     | Received a gift from Nemelex Xobeh
 26481 | D:11     | Found a staircase to the Orcish Mines.
 26585 | D:11     | Noticed Maurice
 26593 | D:11     | Killed Maurice
 27050 | D:11     | Reached skill level 5 in Invocations
 27539 | Orc:1    | Entered Level 1 of the Orcish Mines
 28219 | Orc:1    | Found a runed translucent door.
 28548 | Orc:1    | Noticed Segg's ghost (adept GnSk)
 28673 | Orc:2    | Entered Level 2 of the Orcish Mines
 28673 | Orc:2    | Found a staircase to the Elven Halls.
 28859 | Orc:2    | Reached skill level 12 in Dodging
 29567 | Orc:2    | Received a gift from Nemelex Xobeh
 29926 | Orc:2    | Noticed an orc warlord
 30080 | Orc:2    | Found a roughly hewn altar of Beogh.
 30083 | Orc:2    | Killed an orc warlord
 30242 | Orc:2    | Found Momem's Book Shoppe.
 30258 | Orc:2    | Found Xullusih's General Store.
 30490 | Orc:2    | Found Well's Antique Armour Shoppe.
 30540 | Orc:2    | Found Diwy's Antique Weapon Shoppe.
 30572 | Orc:2    | Bought a scroll of fog for 22 gold pieces
 30572 | Orc:2    | Bought 2 potions of curing for 66 gold pieces
 30572 | Orc:2    | Bought a scroll of enchant armour for 82 gold pieces
 30572 | Orc:2    | Bought a +2 cloak of magic resistance for 236 gold pieces
 32378 | D:12     | Received a gift from Nemelex Xobeh
 32709 | D:12     | Found Derphem's Distillery.
 32717 | D:12     | Bought a potion of heal wounds for 70 gold pieces
 32717 | D:12     | Bought a potion of resistance for 140 gold pieces
 32717 | D:12     | Bought a potion of heal wounds for 70 gold pieces
 33265 | D:12     | Received a gift from Nemelex Xobeh
 33438 | D:12     | Noticed Josephine
 33460 | D:12     | Killed Josephine
 33460 | D:12     | Reached XP level 16. HP: 82/113 MP: 19/19
 33818 | D:13     | Noticed Erolcha
 33843 | D:13     | Killed Erolcha
 33873 | D:13     | You fall into a shaft and drop 1 floor!
 33913 | D:14     | Found Atul Mac's Antique Armour Boutique.
 33923 | D:14     | Bought a jet-encrusted ring mail for 315 gold pieces
 33933 | D:14     | Identified the +4 ring mail "Raceq" {rF+} (You bought it in
                  | a shop on level 14 of the Dungeon)
 34018 | D:13     | Received a gift from Nemelex Xobeh
 34115 | D:13     | Noticed Frances
 34270 | D:13     | Reached skill level 5 in Evocations
 34273 | D:13     | Found a runed translucent gate.
 34274 | D:13     | Found a runed translucent gate.
 34274 | D:13     | Identified the +5 whip of the First Queens {elec, MP+9
                  | Int+3}
 34275 | D:13     | Found a runed translucent gate.
 34276 | D:13     | Noticed kulwych's ghost (journeyman HuFi)
 34279 | D:13     | Identified the +4 dagger of Fogaa {chaos, Int-2 Dex+5
                  | Stlth+}
 34347 | D:13     | Found a gate to the Vaults.
 34615 | D:13     | Noticed Urug
 34657 | D:13     | Killed Urug
 34682 | D:13     | Reached skill level 10 in Armour
 34750 | D:13     | Received a gift from Nemelex Xobeh
 35349 | D:13     | Killed Frances
 35635 | Spider:1 | Entered Level 1 of the Spider Nest
 35689 | Spider:1 | Reached skill level 13 in Dodging
 36376 | Spider:1 | Received a gift from Nemelex Xobeh
 37371 | Spider:1 | Found a roughly hewn altar of Beogh.
 37547 | Spider:2 | Noticed Aizul
 37574 | Spider:2 | Killed Aizul
 37698 | Spider:2 | Noticed Donald
 38022 | Spider:2 | Received a gift from Nemelex Xobeh
 38176 | Spider:2 | Killed Donald
 38176 | Spider:2 | Reached skill level 14 in Dodging
 38176 | Spider:2 | Reached XP level 17. HP: 121/121 MP: 11/20
 40879 | Spider:3 | Received a gift from Nemelex Xobeh
 42400 | Spider:4 | Entered Level 4 of the Spider Nest
 42400 | Spider:4 | Received a gift from Nemelex Xobeh
 43449 | Swamp:1  | Entered Level 1 of the Swamp
 44735 | Swamp:1  | Received a gift from Nemelex Xobeh
 44928 | Swamp:1  | Got a brightly glowing scale mail
 44930 | Swamp:1  | Identified a scroll of acquirement
 44930 | Swamp:1  | Acquired a +11 quick blade
 45194 | D:14     | Identified the +1 scale mail of Jorum {Dex+4} (You found it
                  | on level 1 of the Swamp)
 45201 | D:14     | Acquired 710 gold pieces
 45692 | D:14     | Reached skill level 15 in Dodging
 45954 | D:15     | Entered Level 15 of the Dungeon
 46104 | D:15     | Found Fukkifoh's Food Boutique.
 46307 | D:14     | Got a translucent falchion
 46308 | D:14     | Identified the +6 falchion of Due Proportion {flame, rC+
                  | rN+} (You found it on level 14 of the Dungeon)
 47161 | D:15     | Found a staircase to the Depths.
 47217 | D:15     | Reached XP level 18. HP: 92/130 MP: 24/24
 47355 | D:15     | Received a gift from Nemelex Xobeh
 47433 | D:15     | Identified Roxanne's Grimoire of Stones
 47433 | D:15     | Noticed Roxanne
 48412 | Swamp:2  | Got an ancient granite ring
 49139 | Swamp:2  | Found a glowing silver altar of Zin.
 49170 | Swamp:2  | Received a gift from Nemelex Xobeh
 49816 | Swamp:2  | Identified the ring "Fooc" {+Fly rElec rC+ rN++ Int-2} (You
                  | found it on level 2 of the Swamp)
 51580 | Swamp:3  | Received a gift from Nemelex Xobeh
 52014 | Swamp:4  | Entered Level 4 of the Swamp
 52934 | Swamp:4  | Received a gift from Nemelex Xobeh
 54378 | Swamp:4  | Noticed a tentacled monstrosity
 54839 | Swamp:4  | Killed a tentacled monstrosity
 54839 | Swamp:4  | Reached XP level 19. HP: 128/137 MP: 26/26
 54913 | Swamp:4  | Reached skill level 10 in Invocations
 55210 | Swamp:4  | Received a gift from Nemelex Xobeh
 55216 | Swamp:4  | Got a decaying rune of Zot
 56802 | Spider:4 | Reached skill level 16 in Dodging
 58239 | Spider:4 | Reached skill level 15 in Fighting
 58540 | Spider:4 | Got a gossamer rune of Zot
 59219 | Elf:1    | Entered Level 1 of the Elven Halls
 59728 | Elf:1    | Received a gift from Nemelex Xobeh
 60496 | Elf:1    | Reached skill level 17 in Dodging
 60825 | Elf:1    | Reached XP level 20. HP: 138/147 MP: 28/28
 61395 | Elf:1    | Received a gift from Nemelex Xobeh
 61805 | Elf:2    | Found a runed translucent gate.
 61805 | Elf:2    | Found a runed translucent gate.
 61806 | Elf:2    | Found a runed translucent gate.
 61984 | Elf:1    | Cast into level 3 of the Abyss (+0 war axe of distortion)
 62490 | Abyss:3  | Received a gift from Nemelex Xobeh
 62795 | Abyss:3  | Noticed a profane servitor
 62883 | Elf:1    | Escaped the Abyss
 63038 | Elf:2    | Found a radiant altar of Vehumet.
 63201 | Elf:3    | Entered Level 3 of the Elven Halls
 63846 | Elf:3    | Noticed Asterion
 63878 | Elf:3    | Killed Asterion
 64913 | Elf:3    | Identified the +6 flail of Kaisuemy {freeze, +Blink rElec}
 64924 | Elf:3    | Received a gift from Nemelex Xobeh
 65408 | Elf:3    | Reached XP level 21. HP: 158/158 MP: 29/29
 65513 | Elf:3    | Identified the Tome of Summoning
 66582 | Elf:3    | Identified the ring of Xuer {MR+ Dex+4}
 66849 | Elf:3    | Identified the +4 hand axe "Ownou" {vorpal, MR+ Str-2 Int+4
                  | Dex+3}
 68688 | Elf:1    | Reached skill level 18 in Dodging
 68939 | Depths:1 | Entered Level 1 of the Depths
 69293 | Vaults:1 | Entered Level 1 of the Vaults
 69655 | Vaults:1 | Reached ****** piety under Nemelex Xobeh
 69655 | Vaults:1 | Received a gift from Nemelex Xobeh
 70196 | Vaults:1 | Received a gift from Nemelex Xobeh
 70334 | Vaults:1 | Reached XP level 22. HP: 166/166 MP: 30/30
 70855 | Vaults:1 | Reached skill level 15 in Armour
 72278 | Vaults:2 | Received a gift from Nemelex Xobeh
 73583 | Vaults:2 | Found a staircase to the Crypt.
 73849 | Vaults:2 | Reached skill level 19 in Dodging
 73950 | Vaults:2 | Received a gift from Nemelex Xobeh
 75600 | Vaults:3 | Reached XP level 23. HP: 174/174 MP: 31/31
 76032 | Vaults:3 | Reached skill level 10 in Evocations
 76593 | Vaults:3 | Found Nosoxt's Distillery.
 76601 | Vaults:3 | Bought a potion of experience for 950 gold pieces
 76601 | Vaults:3 | Reached XP level 24. HP: 181/181 MP: 31/31
 76702 | Vaults:3 | Found a portal to a secret trove of treasure.
 76792 | Vaults:3 | Received a gift from Nemelex Xobeh
 77231 | Vaults:3 | You paid a toll of +4 fire dragon scales to enter a
                  | treasure trove
 77232 | Trove    | Entered a treasure trove
 77242 | Trove    | Got a sparkling emerald amulet
 77263 | Trove    | Identified the amulet "Onwuat" {Acrobat Int+7} (You found
                  | it in a treasure trove)
 77289 | Trove    | Got a crude turquoise ring
 77312 | Trove    | Identified the ring of the Tarantula {Wiz rN+ Str-4 Dex+3}
                  | (You found it in a treasure trove)
 78356 | Vaults:4 | Found Erofraor's Antique Weapon Shop.
 78499 | Vaults:4 | Received a gift from Nemelex Xobeh
 79740 | Vaults:4 | Received a gift from Nemelex Xobeh
 80035 | Depths:1 | Found a gateway to Hell.
 80409 | Depths:1 | Reached skill level 15 in Stealth
 80522 | Depths:1 | Received a gift from Nemelex Xobeh
 80639 | Depths:1 | Found a gateway to a ziggurat.
 80676 | Depths:1 | Found Soivo's Island Escapes.
 80684 | Depths:1 | Bought a scroll of teleportation for 33 gold pieces
 80684 | Depths:1 | Bought a scroll of teleportation for 33 gold pieces
 80684 | Depths:1 | Bought a scroll of fog for 22 gold pieces
 80793 | Depths:1 | Reached XP level 25. HP: 189/189 MP: 31/31
 81237 | Depths:2 | Received a gift from Nemelex Xobeh
 81441 | Depths:2 | Reached skill level 20 in Dodging
 81898 | Depths:2 | Identified the +7 short sword "Meusm" {vorpal, rC+ Int+3}
 82150 | Depths:2 | Found the +4 robe of Augmentation {Str+4 Int+4 Dex+4}
 82219 | Depths:2 | Identified Sif Muna's Guide on Darkness and Confrontation
 82224 | Depths:2 | Identified the Grimoire of Dark Boosts
 82759 | Depths:2 | Found a one-way gate to the infinite horrors of the Abyss.
 83529 | Depths:2 | You fall into a shaft and drop 2 floors!
 83715 | Depths:4 | Found a large runed translucent door.
 83716 | Depths:4 | Found a large runed translucent door.
 84302 | Depths:3 | Received a gift from Nemelex Xobeh
 84880 | Depths:3 | Found a one-way gate leading to the halls of Pandemonium.
 85018 | Depths:2 | Reached XP level 26. HP: 198/198 MP: 31/31
 85834 | Depths:3 | Reached skill level 21 in Dodging
 86295 | Depths:3 | Noticed a juggernaut
 86333 | Depths:3 | Killed a juggernaut
 86807 | Depths:3 | You fall into a shaft and drop 2 floors!
 86807 | Depths:5 | Entered Level 5 of the Depths
 86808 | Depths:5 | Received a gift from Nemelex Xobeh
 87064 | Depths:4 | Found a corrupted altar of Lugonu.
 88029 | Depths:4 | Found a runed translucent gate.
 88029 | Depths:4 | Found a runed translucent gate.
 88029 | Depths:4 | Found a runed translucent gate.
 88029 | Depths:4 | Found a runed translucent gate.
 88029 | Depths:4 | Found a runed translucent gate.
 88029 | Depths:4 | Found a runed translucent gate.
 88030 | Depths:4 | Found the +2 Maxwell's thermic engine {flame, freeze}
 88170 | Depths:4 | Found Jocsa's Gadget Emporium.
 88170 | Depths:4 | Found Ciraz's Jewellery Shop.
 88171 | Depths:4 | Found Mimaujen's Gadget Emporium.
 88176 | Depths:4 | Bought a phantom mirror for 420 gold pieces
 88180 | Depths:4 | Bought a wand of acid (6) for 440 gold pieces
 88180 | Depths:4 | Bought a wand of iceblast (6) for 220 gold pieces
 89074 | Depths:5 | Received a gift from Nemelex Xobeh
 89258 | Depths:5 | Noticed Sojobo
 89315 | Depths:5 | Killed Sojobo
 89321 | Depths:5 | Noticed Margery
 89799 | Depths:5 | Noticed Frederick
 89810 | Depths:5 | Noticed Frederick
 89810 | Depths:5 | Frederick changed into Frederick the titan
 89811 | Depths:5 | Killed Frederick the titan
 90079 | Depths:5 | Reached skill level 22 in Dodging
 90151 | Depths:5 | Killed from afar by Margery

Illustrated notes

Levels and vault maps discovered:
D:1:      wander_arrival_desolate, layout_loops_corners, minmay_octomino_c4
D:2:      layout_rooms, amethyst_killhole, bloody_trog
D:3:      layout_basic, lemuel_coloured_pillars_altar, lemuel_crystal_altar,
          first_ration, minmay_misc_feat_chi
D:4:      layout_cave_pools, minmay_temple_entry_butterflies, uniq_ijyb,
          uniq_crazy_yiuf_cottage, uniq_duvessa, uniq_sigmund,
          uniq_blork_the_orc
D:5:      layout_loops_cross, grunt_temple_overflow_open, uniq_prince_ribbit1
D:6:      layout_loops_ring, xom_confusion_cloud, marbit_many_paths,
          grunt_tough_drop
D:7:      layout_rooms, enter_bailey_2
D:8:      layout_gridville, lair_entry_dummy, uniq_harold, uniq_pikel,
          uniq_gastronok
D:9:      layout_cave_pools, okawaru_ov_weapons_minmay, guppyfry_shop_venom
D:10:     minmay_diamond_stairs, layout_irregular_city, basic_altar,
          gammafunk_ghost_split
D:11:     layout_roguey, david_orc_4, serial_shops, bzr_entry_customers,
          uniq_maurice
D:12:     minmay_quarter_circles, layout_loops_cross, serial_shops,
          kennysheep_mini_moat, hangedman_fish_farm, hangedman_tell_no_tales,
          uniq_josephine
D:13:     lemuel_ice_spiral_1, layout_irregular_city, erik_vaults_1,
          gammafunk_ghost_nasty_kobolds, portal_ice_cave_entry_pillars_1,
          uniq_urug, uniq_frances, uniq_erolcha
D:14:     layout_loops_ring, chequers_jeans, serial_shops,
          nicolae_shop_waterfront
D:15:     hangedman_depths_entry_try_elsewhere_first, layout_basic,
          serial_shops, shop_statue, minmay_misc_feat_plants, uniq_roxanne
Temple:   eino_temple_water
Lair:1:   layout_misc_corridors, uniq_fannar, uniq_sonja
Lair:2:   layout_hall_layers, skrybe_swamp_entry_bodies,
          nicolae_spider_entry_orb_guardian, gammafunk_lair_bear_cave
Lair:3:   beast_lair_carwin_large_2, layout_regular_city, serial_bayou_shore_b
Lair:4:   layout_hall_layers, grunt_megastairs_3
Lair:5:   layout_regular_city, minivault_23
Lair:6:   gammafunk_lair_ancient_temple, layout_cave_pods, slime_altar_1
Swamp:1:  layout_basic_swamp, hangedman_swamp_lotus
Swamp:2:  layout_basic_swamp, basic_altar, swamp_pool5, lightli_tree_ring
Swamp:3:  layout_basic_swamp, evilmike_swamp_ruin_house_3, swamp_pool1
Swamp:4:  swamp_vile, layout_basic_swamp
Spider:1: nicolae_spider_mines_2
Spider:2: layout_spider_delve, uniq_aizul, uniq_donald
Spider:3: layout_spider_delve
Spider:4: grunt_spider_rune_parallel, nicolae_crawler_farm
Orc:1:    layout_caves, gammafunk_ghost_grave
Orc:2:    grunt_orc_cross, layout_diamond_mine, mumra_transporter_accident
Elf:1:    minmay_elf_arrival_summoners, layout_geoelf_diagonals,
          hangedman_corner_corridor
Elf:2:    layout_gridlike, basic_altar
Elf:3:    minmay_elf_hall_quartered_circle, layout_loops_cross,
          minmay_elf_demonology, uniq_asterion
Vaults:1: vaults_mumra_chevron, nicolae_vaults_windows_and_doors_thing,
          vaults_mumra_bighexcomb, nicolae_vaults_mini_display_case,
          nicolae_vaults_specimen_jars, vaults_room_fours,
          nicolae_vaults_ninety_degrees, hangedman_vaults_slice,
          layout_vaults_quadrants
Vaults:2: nicolae_vaults_network_periphery, nicolae_vaults_ring_of_whatevers,
          minmay_crypt_entry_simple_corners, vaults_room_stairs_pillars,
          vaults_room_fours, nicolae_vaults_holding_cells,
          nicolae_vaults_rhombus_5, v_misc_10, vaults_room_grid,
          grunt_vaults_focal, hangedman_vaults_cutoff, layout_vaults_omnicross
Vaults:3: hangedman_vaults_locks, vaults_room_door_ring,
          ontoclasm_vaults_misaligned, v_misc_17, vaults_dpeg_spiral, v_misc_14,
          ontoclasm_vaults_claustrophobia, nicolae_vaults_little_squares_6,
          nicolae_vaults_branching_niches, hangedman_vaults_capsules,
          ontoclasm_vaults_idyll, dpeg_vaults_monster_row, v_pattern_5,
          grunt_vaults_trifunnel, hangedman_vaults_nails,
          layout_vaults_maze_bifur, serial_shops, shop_statue, enter_trove_0
Vaults:4: v_misc_1, vaults_room_glass_cross, ontoclasm_vaults_idyll,
          vaults_dpeg_doors, hangedman_vaults_snaps,
          ontoclasm_vaults_decontamination, v_pattern_1,
          hangedman_vaults_corner, vaults_mumra_minichess_inversion,
          nicolae_vaults_asterisk, v_misc_11, nicolae_vaults_little_squares_2,
          layout_vaults_ring, serial_shops, shop
Depths:1: layout_cave_shapes, enter_ziggurat_f, nrook_mini_backslash,
          pf_hell_entry_tar_river, grunt_decor_arrowhead,
          chequers_serial_rivers_micro_c, nicolae_island_escapes
Depths:2: minmay_the_grid_octo_2x2 [minmay_the_grid_octo_checkerflower,
          minmay_the_grid_octo_checkered, minmay_the_grid_octo_fat_diamond,
          minmay_the_grid_octo_prize_ultimate_mussel_roller], layout_small_grid,
          columned_hall_lemuel, abyss_entry, hell_entry
Depths:3: evilmike_pillar_path, layout_twisted_cross, hell_entry, pan_entry,
          corner_web_ring
Depths:4: lightli_eight_chambers, layout_cave_pools, grunt_hell_entry_dis_grunt,
          grunt_decor_clamped, abyss_entry_flame_altar,
          brannock_guarded_unrand_thermic_engine, serial_bayou_shore_b,
          firewood_loft, serial_bayou_shore_a, infiniplex_staircase_zigzag_5,
          minmay_shop_grove
Depths:5: lemuel_castle_with_subvaults [lemuel_castle_interior_original],
          layout_basic, hellmouth_3, uniq_margery, uniq_sojobo, uniq_frederick

Skill      XL: |  1  2  3  4  5  6  7  8  9 10 11 12 13 14 15 16 17 18 19 20 21 22 23 24 25 26 |
---------------+-------------------------------------------------------------------------------+-----
Fighting       | 2 3 4 6 9 10 11 12 13 14 15 17 18 19 20 21 | 21.0
Short Blades   | 3 4 5 7 8 10 11 13 14 | 14.0
Dodging        | 2 4 5 6 8 10 11 12 14 15 17 18 19 20 22 | 22.0
Stealth        | 5 6 7 8 9 10 11 12 13 14 15 | 15.0
Armour         | 1 2 4 6 8 9 11 12 13 14 15 16 17 19 | 19.1
Slings         | 4 8 11 | 11.8
Shields        | 5 |  5.6
Invocations    | 4 5 8 9 11 | 11.0
Evocations     | 1 4 5 6 9 10 11 | 11.0
Throwing       | |  2.0

Action                   |  1- 3 |  4- 6 |  7- 9 | 10-12 | 13-15 | 16-18 | 19-21 | 22-24 | 25-27 || total
-------------------------+-------+-------+-------+-------+-------+-------+-------+-------+-------++-------
Melee: Dagger            |    88 |   221 |   288 |   453 |   376 |       |       |       |       ||  1426
       Rapier            |       |       |       |       |  1549 |  1575 |       |       |       ||  3124
       Quick blade       |       |       |       |       |       |  1100 |  2473 |  2296 |  2443 ||  8312
 Fire: Hunting sling     |       |       |   161 |   184 |   574 |   842 |   687 |   137 |   198 ||  2783
Throw: Dart              |    11 |     5 |    13 |     1 |       |     8 |       |       |       ||    38
       Stone             |       |    36 |    28 |       |       |       |       |       |       ||    64
Invok: Draw Destruction  |       |       |     1 |    18 |    38 |     8 |    14 |     1 |     6 ||    86
       Draw Summoning    |       |       |       |     8 |     4 |       |       |     1 |       ||    13
       Draw Escape       |       |       |       |       |     5 |     2 |       |       |       ||     7
       Deal Four         |       |       |       |       |       |     5 |     1 |       |     3 ||     9
       Triple Draw       |       |       |       |       |       |     1 |       |       |       ||     1
 Abil: Stop Flying       |       |       |       |       |       |       |       |       |     1 ||     1
Evoke: Wand              |       |     2 |     7 |     5 |     2 |     3 |       |       |     3 ||    22
       Phantom mirror    |       |       |       |       |     1 |       |       |       |     1 ||     2
       Lightning rod     |       |       |       |       |       |     9 |     2 |       |     2 ||    13
  Use: Scroll            |     2 |     6 |     8 |     5 |    13 |    25 |     3 |     8 |     7 ||    77
       Potion            |       |     4 |       |     4 |     5 |     9 |       |     1 |     2 ||    25
 Stab: Sleeping          |    10 |    10 |     4 |    14 |    45 |    41 |     9 |    30 |    10 ||   173
       Paralysed         |       |       |     3 |     1 |     1 |       |       |       |       ||     5
       Distracted        |       |       |     2 |       |    12 |     4 |     7 |     4 |     8 ||    37
       Petrified         |       |       |       |       |     1 |       |       |       |       ||     1
       Held in net/web   |       |       |       |       |       |     1 |       |       |       ||     1
       Confused          |       |       |       |       |       |     1 |       |       |     1 ||     2
  Eat: Chunk             |     1 |     9 |    16 |    16 |    56 |    35 |    30 |    33 |    27 ||   223
       Ration            |       |       |       |     1 |     1 |    10 |     5 |       |     1 ||    18
Armor: Robe              |    10 |    20 |       |     3 |    66 |       |       |       |       ||    99
       Leather armour    |       |       |    31 |    28 |    84 |   179 |       |       |       ||   322
       Swamp dragon scal |       |       |       |       |       |   181 |   223 |    95 |   172 ||   671
Dodge: Dodged            |    51 |   123 |   157 |   170 |   936 |  1826 |  1022 |   632 |   804 ||  5721
Block: Other             |       |    31 |    52 |       |       |       |       |       |       ||    83
       Reflection        |       |     1 |     6 |     9 |    34 |    12 |    61 |    32 |    20 ||   175
       Buckler           |       |       |       |   187 |   814 |  1327 |   828 |   530 |   637 ||  4323
